 Dungeon Crawl Stone Soup version 0.31-a0-182-gc5ef74bbde (webtiles) character file.

Game seed: 13970137774077506998

169 qw the Chopper (level 5, -7/32 HPs)
             Began as a Gargoyle Fighter on June 21, 2023.
             Mangled by an ogre
             ... wielding a +0 giant spiked club
              (31 damage)
             ... on level 6 of the Dungeon.
             The game lasted 00:01:27 (2662 turns).

qw the Chopper (Gargoyle Fighter)                   Turns: 2662, Time: 00:01:27

Health: -7/32      AC: 12    Str: 22    XL:     5   Next: 50%
Magic:  5/5        EV:  9    Int:  8    God:
Gold:   189        SH:  4    Dex: 11    Spells: 4/4 levels left

rFire   + . .        Y - +0 war axe
rCold   . . .        l - +0 buckler of the Stopping Gods {rPois rF+ Dex+2}
rNeg    + . .        b - +0 scale mail
rPois   inf          k - +0 helmet
rElec   +            (no cloak)
rCorr   .            (no gloves)
SInv    .            (no boots)
Will    .....        f - amulet of the acrobat Stlth
                     (no ring)
HPRegen 0.25/turn    (no ring)
MPRegen 0.09/turn

%: acrobat
@: no status effects
A: sickness immunity, AC +4, negative energy resistance 1, electricity
resistance, torment resistance 1, petrification resistance
a: no special abilities


You were on level 6 of the Dungeon.
You visited 1 branch of the dungeon, and saw 6 of its levels.

You collected 189 gold pieces.


Innate Abilities, Weirdness & Mutations

You are immune to sickness and miasma.
Your stone body is resilient. (AC +4)
You are immune to poison.
You resist negative energy. (rN+)
You are resistant to electric shocks. (rElec)
You are resistant to unholy torment.
You are immune to petrification.


   Skills:
 - Level 3.2 Fighting
 + Level 4.8 Axes
 - Level 3.2 Armour
 - Level 1.0 Dodging
 - Level 3.2 Shields


You had 4 spell levels left.
You didn't know any spells.
Your spell library was empty.

Inventory:

Hand Weapons
 h - the +5 mace "Vusenetru" {drain, Str+3}
   (You found it on level 2 of the Dungeon)

   Str:       It affects your strength (+3).
 i - a +0 flail
 Y - a +0 war axe (weapon)
Armour
 b - a +0 scale mail (worn)
 k - a +0 helmet (worn)
 l - the +0 buckler of the Stopping Gods (worn) {rPois rF+ Dex+2}
   (You acquired it on level 3 of the Dungeon)

   Dex:       It affects your dexterity (+2).
   rF:        It protects you from fire.
   rPois:     It protects you from poison.
Jewellery
 f - an amulet of the acrobat (around neck)
Scrolls
 e - a scroll of identify
Potions
 a - a potion of haste
 d - a potion of might
 g - 2 potions of mutation
 j - 4 potions of curing
 m - a potion of cancellation {unknown}

Dungeon Overview and Level Annotations

Branches:
Dungeon (7/15)
 Temple: D:4-7

Altars:
Fedhas


Message History

You miss something.
Something hits you but does no damage. x2
You closely miss something. Something hits you but does no damage.
You closely miss something. Something hits you but does no damage.
You barely miss something. You block something's attack. Something hits you.
You closely miss something. You block something's attack.
You hit something but do no damage.
You hear some strange, mumbled words.
Something tries to affect you, but you resist.
You miss something. Something hits you but does no damage.
You hear some strange, mumbled words.
A puff of flame appears from out of thin air!
The puff of flame hits you. You resist.
You hit something. Something hits you but does no damage.
You barely miss something.
You hear some strange, mumbled words.
Something tries to affect you, but you resist.
You closely miss something. Something hits you but does no damage.
You barely miss something.
Something hits you but does no damage. x2
You hit something but do no damage. Something hits you.
You slash something!
Reactivating autopickup.
You feel a bit more experienced.
You start resting.
An ogre comes into view. It is wielding a +0 giant spiked club.
The ogre shouts!
You hit the ogre.
The ogre is lightly wounded.
The ogre hits you with a +0 giant spiked club!!
Ouch! That really hurt!
You die...

.# .# ####.##.#
........# #.#
##....>..#
##.####.........
..............#
......?O......#
#.# #.@).....#
#.####..).....#
#.##......###.#
#>..^$........
####.#.##.####
#.#.# .# #.#.#
.# #.#!# .#
#...#


You could see an ogre.

Vanquished Creatures
  An orc priest (D:6)
  An orc wizard (D:6)
  2 adders (D:4)
  2 white imps (D:6)
  A worm (D:3)
  A dart slug (D:2)
  3 orcs (D:6)
  6 endoplasms
  3 giant cockroaches
  6 goblins
  7 hobgoblins
  8 jackals
  3 kobolds
  2 quokkas (D:2)
  8 ball pythons
  5 bats (D:1)
  5 frilled lizards
  6 rats
70 creatures vanquished.

Notes
Turn   | Place    | Note
-------+----------+-------------------------------------------
     0 | D:1      | qw the Gargoyle Fighter began the quest for the Orb.
     0 | D:1      | Reached XP level 1. HP: 14/14 MP: 1/1
     0 | D:1      | 0 ||| qw: Version: 0.3-a-9-g12657ce
     0 | D:1      | 0 ||| qw: Game counter: 1522
     0 | D:1      | 0 ||| qw: Always use a shield: true
     0 | D:1      | 0 ||| qw: God list: Okawaru
     0 | D:1      | 0 ||| qw: Allow faded altars: false
     0 | D:1      | 0 ||| qw: Do Orc after D:15 true
     0 | D:1      | 0 ||| qw: Do second Lair branch before Depths: true
     0 | D:1      | 0 ||| qw: Lair rune preference: random
     0 | D:1      | 0 ||| qw: Plans: Normal, Zot:1-4, Slime:5, God:TSO, Crypt,
                  | Tomb, Abyss, Pan, Hells, Win
     0 | D:1      | 0 ||| PLANNING D:1-11
    46 | D:1      | Reached skill level 2 in Axes
   140 | D:1      | Reached XP level 2. HP: 16/19 MP: 2/2
   315 | D:1      | 315 ||| Stepping ~*~*~tactically~*~*~ (stealth).
   317 | D:1      | 317 ||| Stepping ~*~*~tactically~*~*~ (stealth).
   360 | D:1      | 360 ||| Stepping ~*~*~tactically~*~*~ (stealth).
   391 | D:1      | Reached skill level 3 in Axes
   396 | D:1      | Reached XP level 3. HP: 18/23 MP: 3/3
   957 | D:1      | 957 ||| DROPPING ring of wizardry.
   958 | D:1      | 958 ||| DROPPING ring of flight.
   959 | D:1      | 959 ||| READING scroll labelled PULLICV VODE.
  1196 | D:2      | Identified the +5 mace "Vusenetru" {drain, Str+3}
  1236 | D:2      | 1236 ||| DROPPING +0 mace.
  1323 | D:2      | Found a blossoming altar of Fedhas.
  1704 | D:2      | 1704 ||| UPGRADING to +0 helmet.
  1709 | D:2      | 1709 ||| READING scroll labelled QESKAE YNNU.
  1710 | D:2      | 1710 ||| READING scroll labelled RIQ RONUTS.
  1711 | D:2      | 1711 ||| DRINKING 2 silvery potions.
  1712 | D:2      | 1712 ||| DRINKING 3 grey potions.
  1762 | D:3      | Found a faded altar of an unknown god.
  1823 | D:3      | 1823 ||| Stepping ~*~*~tactically~*~*~ (stealth).
  1892 | D:3      | Reached XP level 4. HP: 28/28 MP: 4/4
  2197 | D:3      | 2197 ||| READING scroll labelled RYR NAPTIEFREPS.
  2198 | D:3      | 2198 ||| READING scroll labelled XETEIC ATASYKH.
  2199 | D:3      | 2199 ||| READING scroll labelled TIVYRHEIHA.
  2204 | D:3      | 2204 ||| READING scroll labelled OMATORIYMAR.
  2224 | D:3      | 2224 ||| READING scroll labelled CIHICO XEUSUPLIU.
  2224 | D:3      | Identified a scroll of acquirement
  2224 | D:3      | 2224 ||| ACQUIRING +0 buckler of the Stopping Gods {rPois
                  | rF+ Dex+2}
  2224 | D:3      | Acquired the +0 buckler of the Stopping Gods {rPois rF+
                  | Dex+2}
  2226 | D:3      | 2226 ||| UPGRADING to +0 buckler of the Stopping Gods
                  | {rPois rF+ Dex+2}.
  2236 | D:3      | 2236 ||| DROPPING +0 buckler.
  2237 | D:3      | 2237 ||| READING 3 scrolls of identify.
  2237 | D:3      | 2237 ||| IDENTIFYING yellow potion
  2238 | D:3      | 2238 ||| READING 2 scrolls of identify.
  2238 | D:3      | 2238 ||| IDENTIFYING cyan potion
  2239 | D:3      | 2239 ||| DROPPING potion of ambrosia.
  2338 | D:4      | Found a blossoming altar of Fedhas.
  2393 | D:4      | Reached skill level 4 in Axes
  2544 | D:4      | 2544 ||| Stepping ~*~*~tactically~*~*~ (stealth).
  2546 | D:4      | 2546 ||| Stepping ~*~*~tactically~*~*~ (stealth).
  2591 | D:4      | You fall into a shaft and drop 3 floors!
  2594 | D:7      | 2594 ||| UPGRADING to amulet of the acrobat.
  2599 | D:7      | 2599 ||| READING scroll labelled SAUSTO OLESTY.
  2619 | D:6      | Reached skill level 1 in Dodging
  2624 | D:6      | Reached XP level 5. HP: 21/32 MP: 5/5
  2655 | D:6      | Noticed an ogre
  2662 | D:6      | Mangled by an ogre

Levels and vault maps discovered:
D:1:      minmay_arrival_hallway, layout_basic
D:2:      layout_basic, basic_altar, guppyfry_early_lair_pool
D:3:      layout_rooms, hellmonk_ecumenical_altar_lost_god
D:4:      layout_loops_ring, lemuel_coloured_pillars_altar,
          chequers_temple_overflow_minitemple,
          minmay_temple_entry_enclosed_plants
D:6:      layout_loops_ring, gammafunk_ghost_gnarly_gnolls
D:7:      layout_rooms, general_overflow_altar, hellmonk_ghost_happy_afterlife

Skill      XL: |  1  2  3  4 |
---------------+-------------+-----
Axes           | 2 3 4 |  4.8
Dodging        | 1 |  1.0
Fighting       | |  3.2
Armour         | |  3.2
Shields        | |  3.2

Action                     |  1- 3 |  4- 6 || total
---------------------------+-------+-------++-------
  Melee: War axe           |   115 |    88 ||   203
    Use: Scroll            |     3 |     8 ||    11
         Potion            |     2 |       ||     2
 Armour: Scale mail        |    59 |    55 ||   114
  Dodge: Dodged            |    39 |    22 ||    61
  Block: Buckler           |    13 |    22 ||    35

Table legend:
 A = Non-vault XP
 B = Vault XP
 C = Vault XP percentage of total XP
 D = Non-vault monster count
 E = Vault monster count
 F = Vault count percentage of total count
                 A         B        C        D         E       F
            +---------+---------+-------+---------+---------+-------
      Total |     242 |       0 |   0.0 |      70 |       0 |   0.0
            +---------+---------+-------+---------+---------+-------
        D:1 |      39 |       0 |   0.0 |      26 |       0 |   0.0
        D:2 |      33 |       0 |   0.0 |      18 |       0 |   0.0
        D:3 |      18 |       0 |   0.0 |       8 |       0 |   0.0
        D:4 |      44 |       0 |   0.0 |      11 |       0 |   0.0
        D:6 |     108 |       0 |   0.0 |       7 |       0 |   0.0
            +---------+---------+-------+---------+---------+-------
